 Dungeon Crawl Stone Soup version 0.19-a0-1207-g69d5fc3 (webtiles) character file.

54 PurpleRed the Magician (level 3, -1/19 HPs)
             Began as a Deep Elf Fire Elementalist on Aug 21, 2016.
             Slain by an ogre
             ... wielding a +0 giant club
              (13 damage)
             ... on level 4 of the Dungeon.
             The game lasted 00:04:06 (360 turns).

PurpleRed the Magician (Deep Elf Fire Elementalist)  Turns: 360, Time: 00:04:06

Health: -1/19      AC:  2    Str:  5    XL:     3   Next: 66%
Magic:  4/10       EV: 13    Int: 20    God:
Gold:   10         SH:  0    Dex: 15    Spells: 2 memorised, 6 levels left

rFire  . . .     SeeInvis .     k - +1 hunting sling
rCold  . . .     Gourm    .     a - +0 robe
rNeg   . . .     Faith    .     (no shield)
rPois  .         Spirit   .     (no helmet)
rElec  .         Dismiss  .     (no cloak)
rCorr  .         Reflect  .     (no gloves)
MR     .....     Harm     .     (no boots)
Stlth  ++........               (no amulet)
                                (no ring)
                                (no ring)

@: no status effects
A: no striking features
a: no special abilities


You were on level 4 of the Dungeon.
You were not hungry.

You visited 1 branch of the dungeon, and saw 4 of its levels.

You collected 10 gold pieces.

Inventory:

Hand Weapons
 d - a +0 dagger
 k - a +1 hunting sling (weapon)
Missiles
 l - 19 stones (quivered)
Armour
 a - a +0 robe (worn)
Wands
 j - a wand of confusion (15/48)
Potions
 h - a potion of berserk rage {unknown}
Books
 b - a book of Flames

   Spells                             Type                      Level
   a - Flame Tongue                   Conjuration/Fire             1
   b - Throw Flame                    Conjuration/Fire             2
   c - Conjure Flame                  Conjuration/Fire             3
   d - Inner Flame                    Hexes/Fire                   3
   e - Sticky Flame                   Conjuration/Fire             4
   f - Fireball                       Conjuration/Fire             5
Comestibles
 c - a bread ration


   Skills:
 - Level 2.4 Dodging
 - Level 2.4 Stealth
 + Level 3.7 Spellcasting
 * Level 3.4 Conjurations
 - Level 3.2 Fire Magic


You had 6 spell levels left.
You knew the following spells:

 Your Spells              Type           Power        Failure   Level  Hunger
a - Flame Tongue          Conj/Fire      ###..        3%          1    None
b - Throw Flame           Conj/Fire      ###...       6%          2    ##.....


Dungeon Overview and Level Annotations

Branches:
Dungeon (4/15)
 Temple: D:4-7

Altars:


Message History

Press: ? - help, Shift-Dir - straight line, f - ogre
Aim: an ogre, wielding a giant club (confused)
The flame tongue hits the ogre.
The ogre is lightly wounded.
The ogre seems less confused.
Casting: Flame Tongue
Confirm with . or Enter, or press ? or * to list all spells.
Aiming: Flame Tongue
Press: ? - help, Shift-Dir - straight line, f/p - ogre
Aim: an ogre, wielding a giant club (lightly wounded)
The flame tongue hits the ogre.
The ogre is heavily wounded.
Evoke which item? (* to show all) (? for menu, Esc to quit)
Zapping:
j - a wand of confusion (16/48)
Press: ? - help, Shift-Dir - straight line, f/p - ogre
Aim: an ogre, wielding a giant club (heavily wounded, chance to defeat MR: 46%)
The ogre resists with some effort.
This wand has 15 charges left.
The ogre hits you with a giant club!
Ouch! That really hurt!
You die...

#.# #.# ....... #####
#.# ....... #.... #.####
...$... #.%... #....
....... #.....##..#
.......
#........########.>.....
#......@O...†.((..).#...
#.....##.######.........
#.... #.# #...##.#...
#... #.# #.### .# ###
#.. ... ... #.# ####
....# ### ..... .....
.....


You could see an ogre.

Vanquished Creatures
  An iguana (D:4)
  A howler monkey skeleton (D:4)
  2 giant geckos
  A giant cockroach (D:2)
  3 goblins
  3 hobgoblins
  7 jackals
  5 bats
  4 rats
27 creatures vanquished.

Notes
Turn   | Place    | Note
-------+----------+-------------------------------------------
     0 | D:1      | PurpleRed the Deep Elf Fire Elementalist began the quest for the Orb.
     0 | D:1      | Reached XP level 1. HP: 10/10 MP: 6/6
    69 | D:1      | Reached XP level 2. HP: 9/15 MP: 2/8
   211 | D:1      | Learned a level 2 spell: Throw Flame
   317 | D:3      | Reached XP level 3. HP: 9/19 MP: 9/9
   341 | D:4      | Noticed an ogre
   360 | D:4      | Slain by an ogre

Vault maps used:
D:1:      dpeg_arrival_tiny_f
D:2:      minmay_lizard_king
D:3:      first_bread

Skill      XL: |  1  2 |
---------------+-------+-----
Conjurations   | 2 3 |  3.4
Dodging        | |  2.4
Stealth        | |  2.4
Spellcasting   | |  3.7
Fire Magic     | |  3.2

Action                   || total
-------------------------++-------
Melee: Dagger            ||    33
 Fire: Hunting sling     ||     6
 Cast: Flame Tongue      ||    33
Evoke: Wand              ||     3
  Use: Scroll            ||     4
Armor: Robe              ||    17
Dodge: Dodged            ||    42
